 Dungeon Crawl Stone Soup version 0.29.1 (webtiles) character file.

Game seed: 5377293692723582004

1054 themarg the Destroyer (level 8, -5/41 HPs)
             Began as a Tengu Conjurer on Sept 12, 2022.
             Slain by Duvessa
             ... wielding a +0 rapier
              (6 damage)
             ... on level 5 of the Dungeon.
             The game lasted 00:18:34 (5794 turns).

themarg the Destroyer (Tengu Conjurer)              Turns: 5794, Time: 00:18:34

Health: -5/41      AC:  2    Str:  9    XL:     8   Next: 26%
Magic:  1/16       EV: 14    Int: 20    God:
Gold:   297        SH:  0    Dex: 12    Spells: 7/17 levels left

rFire   . . .      SeeInvis +   r - +2 whip (elec)
rCold   . . .      Faith    .   (no shield)
rNeg    + . .      Spirit   .   a - +0 robe
rPois   .          Reflect  .   (helmet restricted)
rElec   .          Harm     .   (no cloak)
rCorr   .          Rampage  .   (no gloves)
Will    .....                   (boots unavailable)
Stlth   ++........              (no amulet)
HPRegen 0.13/turn               d - ring of positive energy
MPRegen 0.15/turn               j - ring of see invisible

@: flying quickly and evasively, hasted, very quick
A: beak, talons 3, nimble flight
a: no special abilities


You were on level 5 of the Dungeon.
You visited 1 branch of the dungeon, and saw 5 of its levels.

You collected 297 gold pieces.

Inventory:

Hand Weapons
 r - a +2 whip of electrocution (weapon)
Armour
 a - a +0 robe (worn)
 g - a +2 buckler
Jewellery
 d - a ring of positive energy (left hand)
 j - a ring of see invisible (right hand)
 v - a +4 ring of slaying
Wands
 e - a wand of acid (17)
 q - a wand of roots (3)
 w - a wand of flame (7)
Scrolls
 k - a scroll of fear
 o - a scroll of acquirement {unknown}
 s - a scroll of amnesia {unknown}
 t - a scroll of vulnerability {unknown}
 u - a scroll of teleportation {unknown}
Potions
 c - 3 potions of degeneration
 f - 2 potions of lignification
 h - 6 potions of curing
 l - a potion of berserk rage {unknown}
 m - a potion of mutation {unknown}
 n - a potion of haste
 p - a potion of might {unknown}


   Skills:
 - Level 2.1 Dodging
 - Level 2.0 Stealth
 - Level 5.0 Spellcasting
 + Level 9.1 Conjurations
 + Level 0.3 Hexes
 + Level 2.4 Translocations
 + Level 4.6 Air Magic
 - Level 2.0 Poison Magic


You had 7 spell levels left.
You knew the following spells:

 Your Spells              Type           Power      Damage    Failure   Level
a - Magic Dart            Conj           100%       1d8       1%          1
b - Searing Ray           Conj           82%        2d7       1%          2
c - Mephitic Cloud        Conj/Pois/Air  26%        N/A       4%          3
d - Iskenderun's Mystic   Conj/Tloc      28%        2d7       11%         4

Your spell library contained the following spells:

 Spells                   Type           Power      Damage    Failure   Level
 Dazzling Flash           Conj/Hex       48%        N/A       4%          3
 Gell's Gravitas          Tloc           14%        N/A       13%         3
 Lesser Beckoning         Tloc           14%        N/A       13%         3
 Teleport Other           Tloc           14%        N/A       13%         3
 Fulminant Prism          Conj/Hex       12%        3d9       16%         4
 Call Imp                 Summ           5%         N/A       17%         2
 Fireball                 Conj/Fire      11%        3d7       45%         5
 Leda's Liquefaction      Hex/Erth       2%         N/A       71%         4
 Starburst                Conj/Fire      11%        6d5       95%         6
 Lee's Rapid Deconstruct  Erth           2%         3d6*      97%         5
 Statue Form              Tmut/Erth      3%         N/A       100%        6
 Ignition                 Fire           2%         3d3       100%        8


Dungeon Overview and Level Annotations

Branches:
Dungeon (5/15)
 Temple: D:4-7

Altars:

Shops:
D:2 (   D:4 (

Annotations:
D:2 Sigmund
D:5 Duvessa


Innate Abilities, Weirdness & Mutations

You have a beak for a mouth.
You have claws for feet.
Your magical nature lets you fly swiftly and evasively.


Message History

Press: ? - help, Shift-Dir - straight line, f/p - Duvessa
Aim: Duvessa, wielding a +0 rapier and wearing a +0 chain mail (moderately wounded, berserk, 89% to hit)
The searing ray hits Duvessa.
Duvessa is moderately wounded. (Press . to maintain the ray.)
The searing ray hits Duvessa.
Duvessa is moderately wounded.
Duvessa closely misses you. Duvessa barely misses you.
The searing ray hits Duvessa.
Duvessa is heavily wounded.
Duvessa closely misses you.
The searing ray hits Duvessa but does no damage.
Duvessa is heavily wounded.
You finish channelling your searing ray.
Duvessa hits you with a +0 rapier! x2
Casting: Searing Ray (safe; 1% risk of failure)
Confirm with . or Enter, or press ? or * to list all spells.
The spell is quite dangerous to miscast (11% risk of failure)!
Continue anyway?
You erupt in a blast of force!
The mystic blast hits Duvessa but does no damage.
Duvessa is heavily wounded.
Duvessa closely misses you.
You feel yourself speed up. Duvessa closely misses you.
Duvessa hits you with a +0 rapier!
* * * LOW HITPOINT WARNING * * *
You feel much better. Duvessa hits you with a +0 rapier!!
* * * LOW HITPOINT WARNING * * *
You feel as though your hastened speed will last longer.
Duvessa misses you.
Duvessa rages.
You completely miss Duvessa. You peck Duvessa, but do no damage.
Duvessa is heavily wounded.
Duvessa hits you with a +0 rapier.
* * * LOW HITPOINT WARNING * * *
You hit Duvessa but do no damage. You peck Duvessa, but do no damage.
You punch Duvessa, but do no damage.
Duvessa is heavily wounded.
Duvessa hits you with a +0 rapier.
You die...

##..................)....##
###.......##...........##
#.[##...##......#.#...##
#<......##......#####..#
#.##...........## #..#.
................## ##...
##................###....
#.............##.#...#
#....@e..............#
#................#....
##....#...............
##.........###.......
##...........##.....
#####........#.....
#..............
##...#..#......
#########.....


You could see Duvessa (berserk).

Vanquished Creatures
  An ice beast (D:5)
  3 phantoms (D:5)
  2 necrophages
  2 scorpions
  A wyvern skeleton (D:5)
  A water moccasin zombie (D:5)
  Dowan (D:5)
  A bullfrog zombie (D:5)
  A hound (D:5)
  An orc priest (D:3)
  A centaur skeleton (D:5)
  Natasha (thrice) (D:2)
  4 gnolls
  4 adders
  An adder skeleton (D:5)
  A dart slug (D:1)
  9 orcs
  11 bats
  6 endoplasms
  A giant cockroach (D:1)
  4 goblins
  2 hobgoblins
  A jackal (D:3)
  4 quokkas
  5 ball pythons
  3 frilled lizards
  11 kobolds
  10 rats
95 creatures vanquished.

Vanquished Creatures (others)
  A withered plant (D:5)
1 creature vanquished.

Grand Total: 96 creatures vanquished

Notes
Turn   | Place    | Note
-------+----------+-------------------------------------------
     0 | D:1      | themarg the Tengu Conjurer began the quest for the Orb.
     0 | D:1      | Reached XP level 1. HP: 10/10 MP: 4/4
   210 | D:1      | Reached XP level 2. HP: 13/15 MP: 0/6
   264 | D:1      | Learned a level 2 spell: Searing Ray
   955 | D:1      | Reached XP level 3. HP: 19/19 MP: 4/7
  1108 | D:1      | Reached skill level 6 in Conjurations
  1460 | D:2      | Found Duteqara's Weapon Boutique.
  1500 | D:2      | Noticed Natasha
  1512 | D:2      | Killed Natasha
  1513 | D:2      | Reached XP level 4. HP: 10/24 MP: 1/9
  1908 | D:2      | Noticed Sigmund
  1915 | D:2      | Noticed Natasha
  1917 | D:2      | Killed Natasha
  1972 | D:2      | Noticed Natasha
  1977 | D:2      | Killed Natasha
  1978 | D:2      | Gained mutation: Your magical nature lets you fly swiftly
                  | and evasively. [Tengu growth]
  1978 | D:2      | Reached XP level 5. HP: 4/28 MP: 5/11
  2674 | D:3      | Reached skill level 7 in Conjurations
  3392 | D:4      | Noticed a yak
  3503 | D:4      | Reached skill level 1 in Translocations
  3503 | D:4      | Reached XP level 6. HP: 26/32 MP: 5/13
  4115 | D:4      | Found Zoamuem's Weapon Shop.
  4343 | D:5      | Entered Level 5 of the Dungeon
  4343 | D:5      | Noticed an ice beast
  4404 | D:5      | Reached skill level 8 in Conjurations
  4404 | D:5      | Reached skill level 1 in Air Magic
  4404 | D:5      | Reached XP level 7. HP: 15/36 MP: 0/14
  4582 | D:4      | Learned a level 3 spell: Mephitic Cloud
  4600 | D:5      | Reached skill level 1 in Poison Magic
  5022 | D:5      | Reached skill level 5 in Spellcasting
  5082 | D:5      | Reached XP level 8. HP: 13/41 MP: 5/16
  5409 | D:5      | Learned a level 4 spell: Iskenderun's Mystic Blast
  5420 | D:5      | Reached skill level 9 in Conjurations
  5643 | D:5      | Noticed Duvessa
  5643 | D:5      | Noticed Dowan
  5677 | D:5      | Killed Dowan
  5793 | D:5      | HP: 1/41 [Duvessa/+0 rapier (6)]
  5794 | D:5      | Slain by Duvessa

Illustrated notes

Levels and vault maps discovered:
D:1:      onia_arrival_mini_maze_b, layout_loops_corners
D:2:      layout_rooms, serial_shops, shop, minmay_misc_feat_rugged, hex_large,
          uniq_natasha, uniq_sigmund
D:3:      layout_rooms, hangedman_feature_mirror, interstate_on_off
D:4:      layout_rooms, serial_shops, nicolae_shop_bloodbath_and_beyond,
          lightli_corner_chamber
D:5:      layout_cave_pools, serial_undead, serial_undead_a, serial_undead_c,
          serial_undead_c, serial_undead_b, uniq_duvessa

Skill      XL: |  1  2  3  4  5  6  7  8 |
---------------+-------------------------+-----
Conjurations   | 6 7 8 9 |  9.1
Spellcasting   | 3 4 5 |  5.0
Translocations | 1 2 |  2.4
Air Magic      | 1 3 4 |  4.6
Poison Magic   | 2 |  2.0
Dodging        | |  2.1
Stealth        | |  2.0
Hexes          | |  0.3

Action                   |  1- 3 |  4- 6 |  7- 9 || total
-------------------------+-------+-------+-------++-------
Melee: Whip              |     1 |       |     4 ||     5
       Kick              |     1 |       |     1 ||     2
       Peck              |       |       |     3 ||     3
       Punch             |       |       |     1 ||     1
 Cast: Magic Dart        |    54 |    46 |    26 ||   126
       Searing Ray       |     1 |    22 |    17 ||    40
       Mephitic Cloud    |       |       |     4 ||     4
       Iskenderun's Myst |       |       |     7 ||     7
  Use: Scroll            |       |     3 |     1 ||     4
       Potion            |       |       |     5 ||     5
Armor: Robe              |     3 |     1 |     3 ||     7
Dodge: Dodged            |     5 |    11 |    23 ||    39
